[Event "Late-Titled-Tuesday-Blitz-April-30-2024"]
[Site "Chess.com"]
[Date "2024.04.30"]
[Round "4"]
[White "Binary010"]
[Black "FabianoCaruana"]
[Result "1-0"]
[WhiteElo "2927"]
[BlackElo "3087"]
[TimeControl "180+1"]
[EndTime "14:41:11 PDT"]
[Termination "Binary010 won by checkmate"]

1. e4 c5 2. Nf3 e6 3. d4 cxd4 4. Nxd4 Nf6 5. Nc3 Nc6 6. Ndb5 d6 7. Bf4 e5 8. Bg5 a6 9. Na3 b5 10. Nab1 Ne7 11. Bxf6 gxf6 12. a4 b4 13. Nd5 Nxd5 14.
Qxd5 Be6 15. Qc6+ Bd7 16. Qb7 Bh6 17. Bxa6 O-O 18. Bb5 Bxb5 19. Qxb5 Qc7 20. Qd3 Rfc8 21. c3 Qc4 22. Qxc4 Rxc4 23. f3 b3 24. Ra3 Rcxa4 25. Rxb3 f5 26. exf5 e4 27. Ra3 Bc1 28. Rxa4 Rxa4 29. Kd1 Bxb2 30. Kc2 Ba1 31. fxe4 Ra2+ 32. Kd3 Rxg2 33. Nd2 Bb2 34. Nc4 Kg7 35. Rb1 Bxc3 36. Kxc3 Rxh2 37. Nxd6 Kf6 38. Nc4 h5 39. Kd4 h4 40.
Rb6+ Kg5 41. Ne5 Kf4 42. Nd3+ Kf3 43. Rb3 Rd2 44. Ke5 h3 45. Nf4+ Kg4 46. Nxh3 Rd7 47. Nf2+ Kg5 48. Nh1 Kh4 49. Nf2 Re7+ 50. Kf4 f6 51.
Rh3# 1-0

[Event "Late-Titled-Tuesday-Blitz-April-30-2024"]
[Site "Chess.com"]
[Date "2024.04.30"]
[Round "4"]
[White "manitodeplomo"]
[Black "rezamahdavi2008"]
[Result "0-1"]
[WhiteElo "2615"]
[BlackElo "2918"]
[TimeControl "180+1"]
[EndTime "14:41:17 PDT"]
[Termination "rezamahdavi2008 won by resignation"]

1. d4 Nf6 2. c4 b6 3. Nf3 Bb7 4. g3 g6 5. Bg2 Bg7 6. Nc3 Ne4 7. Bd2 Nd6 8. b3 Bxd4 9. O-O Bg7 10. Rc1 O-O 11. Bf4 Ne8 12. Qd2 d6 13. Rfd1 Nd7 14. Bh6 Nef6 15. Bxg7 Kxg7 16. Nb5 c5 17. Nc3 a6 18. Qb2 Kg8 19. h4 Qc7 20. Rd2 Bc6 21. Rcd1 Qb7 22. Ne1 Bxg2 23. Nxg2 b5 24. cxb5 axb5 25.
Nf4 b4 26. Ncd5 Nxd5 27. Nxd5 Nb6 28. h5 Nxd5 29. Rxd5 Ra3 30. h6 f6 31. Qd2 Rfa8 32.
Qe3 Kf7 33. Rxd6 exd6 34. Rxd6 Qe7 35. Qxc5 R3a5 36. Qc4+ Kf8 37. Qxb4 R5a6 38. Rxa6 Rxa6 39. Qb8+ Qe8 40. Qc7 Qa8 41. Qg7+ Ke8 42. Qxh7 Rxa2 43. Qxg6+ Ke7 44. Qg7+ Ke6 45. Qg4+ Kd6 46. Qf4+ Ke7 47. f3 Qa7+ 48. Kf1 Ra1+ 49. Kg2 Rg1+ 50. Kh3 Rh1+ 51. Kg4 Qd7+ 52. Qf5 Rxh6 53. Qxd7+ Kxd7 54. Kf5 Ke7 55. e4 Rh5+ 56. Kf4 Rb5 0-1

[Event "Late-Titled-Tuesday-Blitz-April-30-2024"]
[Site "Chess.com"]
[Date "2024.04.30"]
[Round "4"]
[White "nabukatnezarr"]
[Black "Zapateado"]
[Result "1-0"]
[WhiteElo "2591"]
[BlackElo "2381"]
[TimeControl "180+1"]
[EndTime "14:41:18 PDT"]
[Termination "nabukatnezarr won on time"]

1. d4 d5 2. Nf3 Nf6 3. g3 c5 4. Bg2 g6 5. O-O Bg7 6. c4 O-O 7. cxd5 cxd4 8. Nxd4 Nxd5 9. Nc3 Nxc3 10. bxc3 e5 11. Nb5 Qxd1 12. Rxd1 Na6 13. Ba3 Re8 14. Bd5 Bf8 15. Bxf8 Rxf8 16. Nd6 Nc5 17. Rab1 Rb8 18. Ne4 Nxe4 19. Bxe4 f5 20. Bd5+ Kg7 21. c4 b6 22.
c5 Ba6 23. cxb6 Rxb6 24. Rxb6 axb6 25. Bb3 Bxe2 26. Rd7+ Kh6 27. Rd6 Bf3 28. Kf1 Rc8 29.
Ke1 b5 30. Kd2 Kg5 31. Rd7 h5 32. h4+ Kg4 33. Rg7 Rc6 34. Bf7 Rd6+ 35. Kc3 Kh3 36. Bxg6 f4 37. Bf5+ Kg2 38. gxf4+ Kxf2 39. fxe5 Rd5 40.
Re7 Kg3 41. Bc2 Kxh4 42. Bb3 Rd8 43. e6 Kg5 44. Rd7 Re8 45. Rd6 Kf6 46. Rb6 h4 47. Rb7 1-0

[Event "Late-Titled-Tuesday-Blitz-April-30-2024"]
[Site "Chess.com"]
[Date "2024.04.30"]
[Round "4"]
[White "kleber2007"]
[Black "Indefatigable11"]
[Result "1/2-1/2"]
[WhiteElo "2519"]
[BlackElo "2374"]
[TimeControl "180+1"]
[EndTime "14:41:19 PDT"]
[Termination "Game drawn by repetition"]

1. Nf3 Nf6 2. g3 d6 3. d4 g6 4. Bg2 Bg7 5. b3 O-O 6. Bb2 Nbd7 7. O-O Re8 8. Re1 c5 9. e4 cxd4 10. Nxd4 a6 11. c4 Qc7 12. Nc3 Nc5 13. Qd2 Bd7 14.
Rac1 Rac8 15. b4 Na4 16. Nd5 Nxd5 17. cxd5 Qb8 18. Ba1 Nb6 19. Bf1 Rxc1 20. Rxc1 Rc8 21. b5 axb5 22. Nxb5 Bxa1 23. Rxa1 Bxb5 24. Bxb5 Qc7 25.
Rb1 Nd7 26. Bxd7 Qxd7 27. Rc1 Rc5 28. Rxc5 dxc5 29. Qa5 Qc8 30. e5 c4 31. d6 exd6 32.
exd6 c3 33. Qc7 Qe6 34. Qxc3 Qxd6 35. Qc8+ Kg7 36. Qxb7 h5 37. h4 Qd1+ 38. Kg2 Qc2 39. a3 Qa2 40. Qf3 f5 41. Qe3 Kf7 42. Qa7+ Kf6 43.
Qd4+ Ke6 44. a4 Kf7 45. Qa7+ Kf6 46. Qb6+ Kf7 47. Qb5 Qc2 48. a5 Qe4+ 49. Kh2 f4 50.
Qd7+ Kg8 51. Qc8+ Kh7 52. Qc7+ Kg8 53. Qxf4 Qa8 54. Qb4 Qf3 55. Qc5 Qe2 56. Qb6 g5 57. hxg5 h4 58. gxh4 Qe5+ 59. Kg2 Qe4+ 60. Kg3 Qe5+ 61.
Kg4 Qe4+ 62. Kh5 Qf3+ 63. Kh6 Qf8+ 64. Kh5 Qf3+ 65. Kh6 Qf8+ 66. Kh5 Qf3+ 1/2-1/2

[Event "Late-Titled-Tuesday-Blitz-April-30-2024"]
[Site "Chess.com"]
[Date "2024.04.30"]
[Round "4"]
[White "Hirna2005"]
[Black "wild3000"]
[Result "1-0"]
[WhiteElo "2364"]
[BlackElo "2495"]
[TimeControl "180+1"]
[EndTime "14:41:19 PDT"]
[Termination "Hirna2005 won on time"]

1. e4 e6 2. d4 a6 3. Nf3 b5 4. c3 Bb7 5. Bd3 c5 6. O-O Nf6 7. Re1 d6 8. a4 bxa4 9. Qxa4+ Nbd7 10.
Bf4 Be7 11. Nbd2 O-O 12. e5 Nd5 13. Bg3 cxd4 14. exd6 Bf6 15. Nxd4 Nc5 16. Qc2 Nxd3 17. Qxd3 e5 18. Nf5 g6 19. Nh6+ Kg7 20. Ng4 Nf4 21.
Bxf4 exf4 22. Nxf6 Qxf6 23. Nf3 Rfd8 24. Rad1 Bxf3 25. Qxf3 Rab8 26. Qc6 Rxb2 27. c4 a5 28. c5 Rc2 29. Qd5 f3 30. gxf3 Qh4 31. Rd2 Rxd2 32.
Qxd2 Qc4 33. Rc1 Qe6 34. Qxa5 Rb8 35. Qc3+ f6 36. Re1 Qd5 37. Re7+ Kh6 38. Qxf6 Rb1+ 39.
Kg2 Qxc5 40. Qf4+ Qg5+ 41. Qxg5+ Kxg5 42. Rxh7 Rd1 43. d7 Kf6 44. f4 Kf5 45. Kf3 Rd3+ 46. Ke2 Rd6 47. Rf7+ Ke6 48. Rg7 Kf5 49. Ke3 Kf6 50. Rh7 Kf5 51. h4 Kf6 52. h5 gxh5 53.
Rh6+ 1-0

[Event "Late-Titled-Tuesday-Blitz-April-30-2024"]
[Site "Chess.com"]
[Date "2024.04.30"]
[Round "4"]
[White "NoSpaghettiForYou"]
[Black "GambitGiesbergen"]
[Result "1/2-1/2"]
[WhiteElo "2496"]
[BlackElo "2309"]
[TimeControl "180+1"]
[EndTime "14:41:21 PDT"]
[Termination "Game drawn - insufficient material"]

1. Nf3 d5 2. e3 Nc6 3. c4 d4 4.
b4 Bg4 5. b5 Ne5 6. d3 Bxf3 7.
gxf3 Nf6 8. f4 Neg4 9. h3 dxe3 10. fxe3 Nh6 11. Bg2 e6 12. Bxb7 Bb4+ 13. Bd2 Bxd2+ 14.
Qxd2 O-O 15. Bxa8 Qxa8 16. Rg1 Nf5 17. Nc3 Qf3 18. e4 Nd4 19. Ne2 Rd8 20. Rg3 Qh1+ 21. Kf2 Qxa1 22. Rg1 Nxe2 23. Rxa1 Nxe4+ 24. Kxe2 Nxd2 25. Kxd2 Kf8 26. Ke3 Ke7 27. d4 f6 28. a4 Kd6 29.
a5 Rb8 30. Rb1 g6 31. c5+ Kd5 32. b6 cxb6 33. cxb6 axb6 34. a6 Kc6 35. Kd3 Ra8 36. Re1 Kd6 37. Ra1 Kd5 38. a7 Kc6 39. Re1 Rxa7 40.
Rxe6+ Kd5 41. Rxb6 Ra3+ 42. Ke2 Kxd4 43. Rxf6 Ke4 44.
Kf2 Rxh3 45. Kg2 Ra3 46. Rf7 h5 47. Rf6 h4 48. Rxg6 Kxf4 49. Kh2 Rb3 50. Rg2 Rf3 51. Ra2 Kg4 52. Ra4+ Kg5 53. Ra2 Rc3 54. Ra5+ Kg4 55.
Ra4+ Kg5 56. Ra2 Rf3 57. Ra5+ Rf5 58. Rxf5+ Kxf5 59. Kh3 Ke5 60. Kxh4 1/2-1/2

[Event "Late-Titled-Tuesday-Blitz-April-30-2024"]
[Site "Chess.com"]
[Date "2024.04.30"]
[Round "4"]
[White "Aryan_Tamadon"]
[Black "Alex_Sahakyan2006"]
[Result "0-1"]
[WhiteElo "2600"]
[BlackElo "2817"]
[TimeControl "180+1"]
[EndTime "14:41:22 PDT"]
[Termination "Alex_Sahakyan2006 won by checkmate"]

1. Nf3 d5 2. g3 b6 3. Bg2 Bb7 4. O-O e6 5. d3 Nf6 6. Bd2 a5 7.
Qc1 a4 8. a3 Nbd7 9. Nc3 Be7 10. Re1 Nc5 11. Nd1 O-O 12. Bf4 Re8 13. h4 Bd6 14. d4 Nce4 15. Be5 Ng4 16. Bxd6 Qxd6 17.
Nd2 f5 18. Nxe4 fxe4 19. Qf4 Nf6 20. Nc3 Qd7 21. Bh3 Rf8 22. Qe5 Rae8 23. b3 Qf7 24. Qf4 axb3 25. cxb3 c5 26. Nb5 Qe7 27. Nc7 cxd4 28.
Nxe6 Nh5 29. Qg5 Qf7 30. Nxf8 Rxf8 31. Rf1 Re8 32. Rac1 h6 33. Qd2 Qg6 34. Qxd4 Nf4 35. Qe3 Nxh3+ 36. Kh2 Qe6 37. Rc7 Bc8 38. Qd4 Bd7 39.
Rfc1 Rf8 40. Rf1 Rf6 41. Qe3 Kh7 42. a4 Rg6 43. a5 bxa5 44. Qa7 Nf4 45. Kg1 Qh3 46.
Rxd7 Qg2# 0-1

[Event "Late-Titled-Tuesday-Blitz-April-30-2024"]
[Site "Chess.com"]
[Date "2024.04.30"]
[Round "4"]
[White "XDPS"]
[Black "MITerryble"]
[Result "0-1"]
[WhiteElo "2827"]
[BlackElo "3019"]
[TimeControl "180+1"]
[EndTime "14:41:24 PDT"]
[Termination "MITerryble won by resignation"]

1. d4 e6 2. c4 b6 3. Nc3 Bb7 4. e3 Bb4 5. Bd2 Nf6 6. Nf3 O-O 7. Bd3 d6 8. O-O Nbd7 9. a3 Bxc3 10. Bxc3 Qe7 11. Nd2 e5 12. Re1 Rfe8 13. b4 e4 14. Bf1 d5 15. c5 Nf8 16. a4 c6 17. cxb6 axb6 18. a5 b5 19. Nb3 Ng6 20. Nc5 Bc8 21.
Rc1 Nh4 22. h3 Bxh3 23. f3 Qd6 24. f4 Bg4 25. Qc2 Nh5 26. Qf2 Nf5 27. Be2 Qg6 28. Bxg4 Qxg4 29. Qe2 Qh4 30. g4 Nhg3 31. Qg2 Qxg4 32.
Kf2 Qh4 33. Kg1 Rad8 34. Nb7 Rd7 35. a6 Ra8 36. Ra1 h5 37. Bd2 Kh7 38. Rec1 Rc7 39. Be1 Qg4 40. Bxg3 Nxg3 41. Kh2 h4 42. Nc5 f6 43.
Rc2 g5 44. Rf2 Rg7 45. f5 Rga7 46. Qh3 Qh5 47. Qg2 Kg8 48. Rfa2 Kf7 49. Ne6 Nxf5 50. Nc5 Qf3 51. Qxf3 exf3 52. e4 Nxd4 53. exd5 cxd5 54. Kh3 Nc6 55. Rb1 f5 56. Ra3 Kg6 57. Rba1 Kh5 58. Ne6 g4+ 59. Kh2 Nxb4 60. Nc5 f2 61. Kg2 Nc2 0-1

[Event "Late-Titled-Tuesday-Blitz-April-30-2024"]
[Site "Chess.com"]
[Date "2024.04.30"]
[Round "4"]
[White "MuhittinBuker"]
[Black "vanyakuba"]
[Result "0-1"]
[WhiteElo "2164"]
[BlackElo "2414"]
[TimeControl "180+1"]
[EndTime "14:41:24 PDT"]
[Termination "vanyakuba won on time"]

1. d4 g6 2. c4 Bg7 3. Nf3 d6 4.
e4 Nd7 5. Be2 a6 6. O-O e6 7.
Nc3 b6 8. Be3 Bb7 9. Rc1 Ne7 10.
Qd2 h6 11. Rfd1 g5 12. h3 Ng6 13. Bf1 Qe7 14. b4 O-O 15. c5 bxc5 16. dxc5 Nde5 17.
Nxe5 Bxe5 18. Qe2 Qf6 19. Bd2 Nf4 20. Qf3 Kg7 21. Ne2 Ng6 22. Qe3 Kh8 23. c6 Bc8 24.
Bc3 Bxc3 25. Qxc3 Ne5 26. Nd4 Rb8 27. Rb1 Kg7 28. a4 Ng6 29. b5 axb5 30. axb5 Rb6 31. Ne2 Ne5 32. Ng3 Kh8 33. Ra1 Qd8 34. Ra8 f6 35. Nh5 Qe7 36. Ng3 Ng6 37. Qc2 Kg7 38.
Rda1 e5 39. Rxc8 Rxc8 40. Nf5+ Kf7 41. Ra7 Qd8 42. Bc4+ Kf8 43. Nxh6 Ra8 44. Qa2 Rbb8 45. Rxa8 Rxa8 46. Qd2 Qe7 47. Qd5 Qg7 48. Nf5 Qh7 49.
Qe6 Re8 50. Qd5 Nf4 51. Qd2 g4 0-1

[Event "Late-Titled-Tuesday-Blitz-April-30-2024"]
[Site "Chess.com"]
[Date "2024.04.30"]
[Round "4"]
[White "vugarrasulov"]
[Black "Zhigalko_Sergei"]
[Result "0-1"]
[WhiteElo "2960"]
[BlackElo "2881"]
[TimeControl "180+1"]
[EndTime "14:41:25 PDT"]
[Termination "Zhigalko_Sergei won by checkmate"]

1. Nf3 d5 2. e3 c6 3. c4 Nf6 4. Nc3 e6 5. d4 Nbd7 6. Bd3 dxc4 7. Bxc4 b5 8. Bd3 Bb7 9. e4 b4 10. Na4 Be7 11. O-O O-O 12. Re1 Rc8 13. e5 Nd5 14.
Qe2 c5 15. Qe4 g6 16. Bh6 Re8 17. Qg4 cxd4 18. h4 N5b6 19. Nxb6 Bxf3 20. gxf3 Qxb6 21.
h5 Nf8 22. Rad1 b3 23. a4 Rc7 24. Kg2 Qa5 25. Qxd4 Rd8 26. Qg4 Rxd3 27. hxg6 hxg6 28. Rxd3 Qxe1 29. Rxb3 Qxe5 30. Bf4 Qd5 31. Rb8 Rd7 32. Bh6 Rd8 33. Rb5 Qc6 34. Be3 a6 35. Rb6 Qc8 36.
Qe4 Rd5 37. Bf4 Rf5 38. Bg3 a5 39. Rb8 Qd7 40. b3 Bd6 41. Rb7 Qd8 42. Qd4 Rd5 43.
Qg4 Bxg3 44. fxg3 Qf6 45. Qe4 Kg7 46. Rb5 Rd2+ 47. Kh3 Nd7 48. Rxa5 Rd1 49. Rb5 Rd2 50. a5 Qb2 51. f4 Nf6 52. Qe5 Rh2# 0-1

[Event "Late-Titled-Tuesday-Blitz-April-30-2024"]
[Site "Chess.com"]
[Date "2024.04.30"]
[Round "4"]
[White "AungTZ"]
[Black "arenal72"]
[Result "1-0"]
[WhiteElo "2180"]
[BlackElo "2612"]
[TimeControl "180+1"]
[EndTime "14:41:25 PDT"]
[Termination "AungTZ won on time"]

1. e4 Nc6 2. Nf3 d6 3. d4 Nf6 4.
Nc3 g6 5. Bb5 a6 6. Bxc6+ bxc6 7. e5 Nd5 8. Nxd5 cxd5 9. h3 Bg7 10. Bf4 O-O 11. O-O Rb8 12. b3 Bf5 13. Re1 Qd7 14. Qd2 f6 15. e6 Bxe6 16. Qe3 Bf5 17. Qxe7 Qxe7 18. Rxe7 Rf7 19. Re2 Kf8 20. Rae1 h5 21.
Nh4 Rd7 22. Nxf5 gxf5 23. Re6 Kf7 24. f3 Bf8 25. Kf2 Re7 26. Rxe7+ Bxe7 27. Rc1 Ke6 28. c4 dxc4 29. Rxc4 Kd7 30. Ra4 Rb6 31. Ra5 c5 32. d5 Bd8 33. Ra4 h4 34. Bd2 Rb5 35. Rxh4 a5 36. Rh7+ Kc8 37. Ra7 c4 38. bxc4 Rb2 39. Ke1 Rxa2 40. h4 Rc2 41. Ra6 Kd7 42. h5 Rxc4 43. g3 Rc7 44. h6 Ke8 45. Bf4 a4 46. Rxa4 Rh7 47. g4 fxg4 48. fxg4 Be7 49. Ra7 Rh8 50. Ke2 Rg8 51. Kf3 Rh8 52. Ra8+ Bd8 53.
Bxd6 Rxh6 54. Bc7 1-0

[Event "Late-Titled-Tuesday-Blitz-April-30-2024"]
[Site "Chess.com"]
[Date "2024.04.30"]
[Round "4"]
[White "Yerkinio"]
[Black "WPWPWP-2015"]
[Result "1-0"]
[WhiteElo "2657"]
[BlackElo "2480"]
[TimeControl "180+1"]
[EndTime "14:41:25 PDT"]
[Termination "Yerkinio won by resignation"]

1. e4 c5 2. Nf3 e6 3. d4 cxd4 4. Nxd4 Nc6 5. Nc3 a6 6. Be3 b5 7. Nxc6 dxc6 8. Qxd8+ Kxd8 9. O-O-O+ Ke8 10. g3 e5 11. f4 Bb4 12. fxe5 Ne7 13. a3 Bxc3 14. bxc3 Bg4 15. Rd6 Bf3 16. Rg1 Bxe4 17. Bh3 Bf5 18. Bg2 h6 19. Bc5 Rc8 20. g4 Be6 21. Be4 h5 22. g5 g6 23. Rgd1 Bd5 24. Bxd5 Nxd5 25. e6 fxe6 26. Rxe6+ Kf7 27. Rd6 Rc7 28. Rf1+ Kg8 29. Bd4 Kh7 30. Bxh8 Kxh8 31. Rxg6 Kh7 32. Rh6+ Kg7 33. Kb2 Ne3 34. Rff6 Nc4+ 35. Kb3 Ne5 36. Re6 Nf7 37. Rxc6 Rd7 38. Rhg6+ Kf8 39. Rgf6 Kg7 40.
h4 a5 41. a4 bxa4+ 42. Kxa4 Rd2 43. Kxa5 Rd5+ 44. Kb4 Ne5 45. Rc7+ Kg8 46. Rb6 Nd7 47. Rbb7 Nf8 48. Rc8 Rd6 49. Rbb8 Kg7 50. Rxf8 Kg6 51. Rf6+ Kh7 52. Rxd6 Kg7 53. Rb7+ 1-0

[Event "Late-Titled-Tuesday-Blitz-April-30-2024"]
[Site "Chess.com"]
[Date "2024.04.30"]
[Round "4"]
[White "Pig-filth"]
[Black "Mikhail_Golubev"]
[Result "1-0"]
[WhiteElo "2305"]
[BlackElo "2616"]
[TimeControl "180+1"]
[EndTime "14:41:27 PDT"]
[Termination "Pig-filth won on time"]

1. d4 Nf6 2. Bg5 d5 3. Bxf6 gxf6 4. e3 c5 5. Nc3 Nc6 6. Qh5 cxd4 7. exd4 Be6 8. O-O-O a6 9. Nf3 Qd6 10. Kb1 O-O-O 11.
g3 Kb8 12. Nh4 Qb4 13. Nf5 Rg8 14. Ne3 Rg5 15. Qxh7 Nxd4 16. Bg2 Nb5 17. Nxb5 Qxb5 18. c4 Qb6 19. Bxd5 f5 20. Bxe6 Rxd1+ 21. Rxd1 Bg7 22. Rd2 fxe6 23. Qg8+ Ka7 24. Qd8 Qxd8 25. Rxd8 f4 26. gxf4 Rh5 27. Rd7 Bf6 28. Ng4 Rf5 29. Nxf6 exf6 30.
Rd4 Rh5 31. Re4 Rxh2 32. Rxe6 Rxf2 33. Rxf6 Kb8 34. a3 Kc7 35. Rf7+ Kc6 36. Ka2 a5 37. Kb3 b5 38. Rf6+ Kc5 39. Rf5+ Kb6 40. Rxb5+ Ka6 41.
Rf5 Kb6 42. Rf6+ Kc5 43. Rf5+ Kb6 44. Rb5+ Ka6 45. f5 a4+ 46. Kxa4 Rf4 47. Rc5 Rxc4+ 48. Rxc4 1-0

[Event "Late-Titled-Tuesday-Blitz-April-30-2024"]
[Site "Chess.com"]
[Date "2024.04.30"]
[Round "4"]
[White "Abund"]
[Black "rhungaski"]
[Result "1/2-1/2"]
[WhiteElo "2771"]
[BlackElo "2571"]
[TimeControl "180+1"]
[EndTime "14:41:28 PDT"]
[Termination "Game drawn by repetition"]

1. e4 e5 2. Nf3 Nc6 3. Bb5 a6 4. Ba4 Nf6 5. d3 d6 6. c3 Bd7 7. O-O g6 8. Re1 Bg7 9. Nbd2 O-O 10. d4 Qe7 11. Bc2 h6 12. Nf1 a5 13. Ng3 Nh7 14. h3 Kh8 15. Bd2 Ng5 16. Nxg5 hxg5 17. Qc1 Bf6 18. d5 Nb8 19. Bd1 Kg7 20. Bg4 Rh8 21. c4 Rh4 22. Qd1 Bxg4 23. hxg4 Nd7 24. f3 a4 25. b4 axb3 26. axb3 Rhh8 27. Be3 c6 28. Qd2 Rhc8 29. Qb4 cxd5 30. cxd5 Rxa1 31. Rxa1 Nc5 32. Qb5 Qc7 33. Ra7 Qb8 34. Bxc5 Rxc5 35. Qxb7 Rc1+ 36. Kf2 Qxb7 37. Rxb7 Rc2+ 38. Kf1 Rc1+ 39. Kf2 Bd8 40. Ne2 Rc2 41. Kf1 Ba5 42. Rd7 Bb4 43. Rb7 Bc5 44. b4 Be3 45. Rd7 Rb2 46. g3 Rb1+ 47. Kg2 Rb2 48. Kf1 Rb1+ 49. Kg2 Rxb4 50. Rxd6 Rb2 51. Kf1 Rb1+ 52. Kg2 Rb2 53. Kf1 Rb1+ 54.
Kg2 Rb2 1/2-1/2

[Event "Late-Titled-Tuesday-Blitz-April-30-2024"]
[Site "Chess.com"]
[Date "2024.04.30"]
[Round "4"]
[White "penguingm1"]
[Black "BogdanDeac"]
[Result "1/2-1/2"]
[WhiteElo "2864"]
[BlackElo "3064"]
[TimeControl "180+1"]
[EndTime "14:41:29 PDT"]
[Termination "Game drawn - insufficient material"]

1. d4 Nf6 2. c4 e6 3. Nc3 Bb4 4. Qc2 O-O 5. Nf3 d5 6. Bg5 dxc4 7. e4 h6 8. h4 hxg5 9. hxg5 Nh7 10. e5 g6 11. Qe4 Nxg5 12. Qe3 Be7 13. Nxg5 Bxg5 14. Qh3 Bh4 15. Ne4 Kg7 16. Qxh4 Qxh4 17. Rxh4 Rh8 18.
Rxh8 Kxh8 19. Bxc4 Kg7 20. Kd2 Bd7 21. Nf6 b5 22.
Be2 Bc6 23. Rc1 a5 24. Ke3 b4 25. f3 Ra7 26. Rh1 Nd7 27. Rh7+ Kf8 28. Rh8+ Kg7 29.
Rg8+ Kh6 30. Ne8 g5 31. Rh8+ Kg6 32. Bd3+ f5 33. exf6+ Kf7 34. f4 Nxf6 35. Nxf6 Kxf6 36. Rh6+ Kg7 37. fxg5 Bd5 38. Rh7+ Kg8 39. g6 Ra8 40. Kf4 Rd8 41. Kg5 Bxa2 42. Kh6 Rxd4 43. Rxc7 Rh4+ 44. Kg5 Rd4 45. Kf6 Rf4+ 46. Ke5 Rf2 47. Be4 Bd5 48. Bxd5 exd5 49. Kxd5 Rxb2 50. Ra7 Ra2 51. Kc4 Kf8 52. g4 Kg8 53. g7 Ra3 54. Kd4 b3 55. Rb7 Ra4+ 56.
Kc3 Rxg4 57. Kxb3 a4+ 58. Ka3 Rxg7 59. Rxg7+ Kxg7 60. Kxa4 1/2-1/2

[Event "Late-Titled-Tuesday-Blitz-April-30-2024"]
[Site "Chess.com"]
[Date "2024.04.30"]
[Round "4"]
[White "ameetghasi100"]
[Black "AryanTari"]
[Result "0-1"]
[WhiteElo "2821"]
[BlackElo "3013"]
[TimeControl "180+1"]
[EndTime "14:41:29 PDT"]
[Termination "AryanTari won by resignation"]

1. b3 d5 2. Bb2 Bf5 3. d3 Nf6 4. Nd2 e6 5. Ngf3 c5 6. e4 Bg6 7. Ne5 Nc6 8. Nxc6 bxc6 9. Qe2 Be7 10. g3 O-O 11. Bg2 a5 12. a4 Nd7 13. O-O Bf6 14.
c3 Qb6 15. Kh1 c4 16. dxc4 Nc5 17. Qe3 Rfd8 18. cxd5 cxd5 19. e5 Bxe5 20. Qxe5 Nd3 21. Qg5 Nxb2 22. h4 h6 23. Qg4 h5 24. Qg5 Nd3 25.
Qe3 Qxe3 26. fxe3 Rac8 27. c4 d4 28. exd4 Rxd4 29. Nf3 Rdd8 30. Ng5 Nc5 31. Rf3 f6 32. Nh3 e5 33. Re3 Rd3 34. Rae1 Nxb3 35. Nf2 Rxe3 36. Rxe3 Nc5 37. Nd1 Nxa4 38. Ra3 Be8 39. Bd5+ Kf8 40.
Ne3 g6 41. Kg2 Ke7 42. Kf2 f5 43. Ke1 Rc5 44. Kd2 Nb6 45. Bg8 Bf7 46. Bxf7 Kxf7 47.
Kc3 f4 48. gxf4 exf4 49. Ng2 Rxc4+ 50. Kd3 a4 51. Ne1 Rb4 52. Ra1 Kf6 53. Nf3 Rb3+ 54. Ke4 Rb4+ 55. Nd4 Nd7 56. Kd5 Ne5 57. Rf1 f3 58.
Kc5 Rb2 59. Nxf3 Nxf3 60. Rxf3+ Kg7 61. Ra3 Rg2 62. Rxa4 Rg4 63. Rxg4 hxg4 64. Kd4 Kh6 65. Ke3 Kh5 66. Kf2 Kxh4 67. Kg2 g3 68. Kg1 Kh3 69. Kh1 g2+ 70. Kg1 g5 71. Kf2 Kh2 72. Kf3 g1=Q 73. Ke4 g4 0-1

[Event "Late-Titled-Tuesday-Blitz-April-30-2024"]
[Site "Chess.com"]
[Date "2024.04.30"]
[Round "4"]
[White "moro182"]
[Black "Njal28"]
[Result "0-1"]
[WhiteElo "2893"]
[BlackElo "3097"]
[TimeControl "180+1"]
[EndTime "14:41:30 PDT"]
[Termination "Njal28 won on time"]

1. d4 g6 2. e4 Bg7 3. Nc3 c5 4.
d5 d6 5. Bb5+ Nd7 6. a4 Nf6 7.
Nf3 O-O 8. O-O a6 9. Bd3 Ng4 10. h3 Nge5 11. Nxe5 Nxe5 12. Be2 Rb8 13. a5 b5 14. axb6 Rxb6 15. Ra2 Qc7 16. f4 Nd7 17. Be3 Rb4 18. Bf3 Nb6 19. Qd3 Nc4 20. Bc1 Qb6 21. Kh2 Bd7 22. b3 Na5 23. Be3 Qc7 24. e5 c4 25. bxc4 Nxc4 26. exd6 Nxd6 27. Bd2 Rd4 28. Qe2 Rxd2 29. Qxd2 Bxc3 30. Qe3 Nf5 31. Qe4 Bb5 32.
Rd1 Rd8 33. g3 Bf6 34. Be2 Nd6 35. Qf3 Bxe2 36. Qxe2 a5 37. Rc1 Qc3 38. Rd1 Rc8 39. Rd3 Qc4 40. Rxa5 Qxc2 41. Qxc2 Rxc2+ 42. Kh1 h5 43. g4 hxg4 44. hxg4 g5 45. Rh3 gxf4 46. Ra8+ Rc8 47.
Rxc8+ Nxc8 48. Rh5 Nd6 49. Kg2 Bd4 50. Kf3 Be3 51. g5 Nf5 52. Kg4 Nd4 53. Rh1 Kg7 54. Ra1 f3 55. Ra6 f2 56. Ra1 Nb3 57. Kf3 Nxa1 0-1

[Event "Late-Titled-Tuesday-Blitz-April-30-2024"]
[Site "Chess.com"]
[Date "2024.04.30"]
[Round "4"]
[White "Brown_Mamba24"]
[Black "TheoSlade"]
[Result "1/2-1/2"]
[WhiteElo "2631"]
[BlackElo "2423"]
[TimeControl "180+1"]
[EndTime "14:41:30 PDT"]
[Termination "Game drawn by repetition"]

1. d4 d5 2. Nf3 e6 3. g3 Nf6 4. Bg2 b5 5. a4 b4 6. c4 bxc3 7.
bxc3 c5 8. O-O Be7 9. dxc5 Bxc5 10. Ba3 Bxa3 11. Nxa3 O-O 12. c4 Bb7 13. Nd4 Nc6 14. cxd5 Nxd4 15. Qxd4 Bxd5 16. Nb5 a6 17. Nc3 Bxg2 18.
Qxd8 Rfxd8 19. Kxg2 Rac8 20. Rfd1 Kf8 21. Rxd8+ Rxd8 22. a5 Nd5 23. Na4 Rc8 24. e4 Nb4 25. Nb6 Rc2 26. Rd1 Nc6 27. Nc8 g6 28. Rd7 Ne5 29.
Rd8+ Kg7 30. Nd6 Ng4 31. e5 Rxf2+ 32. Kg1 Ra2 33. Ne8+ Kh6 34. Rd4 Nxe5 35. Rh4+ Kg5 36. Rxh7 Nf3+ 37. Kf1 Nxh2+ 38. Ke1 Nf3+ 39. Kd1 f5 40.
Nc7 Rxa5 41. Nxe6+ Kf6 42. Nf4 Ra1+ 43. Ke2 Nd4+ 44. Kd3 Ne6 45. Nd5+ Kg5 46. Re7 Ra3+ 47. Kc4 Nd8 48. Re8 Nc6 49. Re6 Na5+ 50. Kb4 Rxg3 51. Kxa5 f4 52. Nf6 Kf5 53. Rc6 Ra3+ 54. Kb4 Ra1 55. Nd5 g5 56. Nc3 f3 57. Rc5+ Kf4 58.
Rc4+ Kg3 59. Ne4+ Kg2 60. Nxg5 f2 61. Rg4+ Kh1 62. Rh4+ Kg2 63. Rg4+ Kh1 64. Rh4+ Kg2 65.
Rg4+ 1/2-1/2

[Event "Late-Titled-Tuesday-Blitz-April-30-2024"]
[Site "Chess.com"]
[Date "2024.04.30"]
[Round "4"]
[White "mbojan"]
[Black "chigorin28"]
[Result "1-0"]
[WhiteElo "2954"]
[BlackElo "2519"]
[TimeControl "180+1"]
[EndTime "14:41:31 PDT"]
[Termination "mbojan won on time"]

1. a3 Nf6 2. g3 e6 3. Bg2 d5 4.
d3 Be7 5. Nd2 b6 6. c4 Bb7 7. cxd5 exd5 8. Ngf3 O-O 9. O-O c5 10.
e3 Nbd7 11. b3 Rc8 12. Bb2 Ba6 13. Qc2 Re8 14. Rfe1 Bd6 15. Rad1 Ne5 16. Nxe5 Bxe5 17. Bxe5 Rxe5 18. Qb1 Re7 19. Nf3 Qc7 20. Rc1 Qd6 21. Red1 h6 22. Qb2 Rec7 23. b4 Nd7 24. b5 Bb7 25. a4 Nf6 26. Nd2 Qe7 27. Nb1 c4 28. d4 Rd8 29. Nc3 Bc8 30. Ra1 Bf5 31.
Qa3 Qd7 32. f3 Bh3 33. Bh1 Bf5 34. Re1 Re8 35. Kf2 Bd3 36. Qb4 Qh3 37. Kg1 Rce7 38.
Nd1 Bc2 39. Qd2 Bxd1 40. Raxd1 Qd7 41. Re2 Qd6 42. Qc3 Nh7 43. Rde1 Ng5 44. e4 dxe4 45. fxe4 Ne6 46. d5 Qc5+ 47. Kf1 Ng5 48. e5 Rd8 49. Qe3 Rxd5 50. Bxd5 Qxd5 51. Qg1 Nf3 52. Qg2 1-0

[Event "Late-Titled-Tuesday-Blitz-April-30-2024"]
[Site "Chess.com"]
[Date "2024.04.30"]
[Round "4"]
[White "GaiozNigalidze"]
[Black "dennisodessa"]
[Result "1-0"]
[WhiteElo "2739"]
[BlackElo "2548"]
[TimeControl "180+1"]
[EndTime "14:41:32 PDT"]
[Termination "GaiozNigalidze won on time"]

1. e4 e6 2. d4 d5 3. e5 c5 4. c3 Qa5 5. Nf3 cxd4 6. Nxd4 Nc6 7. Nxc6 bxc6 8. Be2 Ba6 9. O-O Ne7 10. Be3 Bxe2 11. Qxe2 Nf5 12. Nd2 Qc7 13. Nf3 Be7 14.
Rfd1 O-O 15. b3 c5 16. Bf4 a5 17. c4 Rfd8 18. cxd5 Rxd5 19. Rdc1 a4 20. Rab1 axb3 21. axb3 Qb7 22. h3 h6 23. g4 Nd4 24. Qe4 Rb8 25. Nd2 Qa6 26. Rc4 Qa2 27. Rc3 g5 28.
h4 gxf4 29. Rd3 Bxh4 30. Kg2 Bg5 31. Rd1 Nxb3 32. Rxd5 exd5 33. Qxd5 Qb2 34. Ne4 Qc2 35. e6 Rf8 36. exf7+ Rxf7 37. Nd6 Qg6 38. Qxb3 Kg7 39. Qxf7+ Qxf7 40. Nxf7 Kxf7 41. Rd5 Be7 42. Kf3 Ke6 43. Ke4 Bd6 44. Rf5 c4 45. Rb5 c3 46. Rb3 Be5 47. Rb4 Kd6 48. Rc4 1-0